[ PARTIDA AOE2 · #475327646 ]
UnrankedBirmanos vs Armenians
[ ANÁLISIS DE REPETICIÓN · EXTRAÍDO DE LA PARTIDA GRABADA ]
Feudal
—
Castillos
—
Imperial
—
| APM promedio | 55.9 |
| APM pico | 93 |
| eAPM promedio | 32.1 |
| Aldeanos / militares | 115 / 97 |
Foco
⚔️ 34.9% · 🌾 65.1%
Battle Elephant ×84 · Fishing Ship ×55 · Trade Cart ×35 · Mangonel ×9 · Bombard Cannon ×2 · Trebuchet (Packed) ×2
Feudal
10:33
Castillos
14:05
Imperial
32:15
| APM promedio | 54.0 |
| APM pico | 125 |
| eAPM promedio | 25.5 |
| Aldeanos / militares | 159 / 254 |
Foco
⚔️ 33.5% · 🌾 66.5%
Spearman ×222 · Bombard Cannon ×19 · Mangonel ×10 · Trade Cart ×8 · Trebuchet (Packed) ×2 · Scorpion ×1
Feudal
9:36
Castillos
23:50
Imperial
36:28
| APM promedio | 30.2 |
| APM pico | 85 |
| eAPM promedio | 21.3 |
| Aldeanos / militares | 149 / 165 |
Foco
⚔️ 33.2% · 🌾 66.8%
Skirmisher ×140 · Archer ×11 · Bombard Cannon ×6 · Trebuchet (Packed) ×4 · Militia ×3 · Trade Cart ×3
Feudal
9:12
Castillos
24:10
Imperial
32:36
| APM promedio | 60.6 |
| APM pico | 116 |
| eAPM promedio | 40.3 |
| Aldeanos / militares | 100 / 145 |
Foco
⚔️ 63.6% · 🌾 36.4%
Spearman ×104 · Fishing Ship ×33 · Bombard Cannon ×24 · Hand Cannoneer ×14 · Trade Cart ×5 · Battering Ram ×2
Feudal
14:09
Castillos
24:01
Imperial
29:12
| APM promedio | 70.2 |
| APM pico | 181 |
| eAPM promedio | 39.5 |
| Aldeanos / militares | 73 / 98 |
Foco
⚔️ 51.0% · 🌾 49.0%
Hand Cannoneer ×64 · Fishing Ship ×38 · Trade Cart ×35 · Flemish Militia ×13 · Bombard Cannon ×9 · Coustillier ×7
Feudal
11:54
Castillos
27:24
Imperial
—
| APM promedio | 53.1 |
| APM pico | 109 |
| eAPM promedio | 29.8 |
| Aldeanos / militares | 138 / 13 |
Foco
⚔️ 32.1% · 🌾 67.9%
Archer ×13 · Trade Cart ×3
Feudal
11:06
Castillos
15:26
Imperial
29:53
| APM promedio | 55.7 |
| APM pico | 121 |
| eAPM promedio | 36.6 |
| Aldeanos / militares | 122 / 197 |
Foco
⚔️ 43.2% · 🌾 56.8%
Knight ×93 · Kipchak ×67 · Fishing Ship ×46 · Scout Cavalry ×23 · Unknown (1260) ×10 · Mangonel ×8
Feudal
12:10
Castillos
15:43
Imperial
30:09
| APM promedio | 44.0 |
| APM pico | 87 |
| eAPM promedio | 34.1 |
| Aldeanos / militares | 172 / 333 |
Foco
⚔️ 30.8% · 🌾 69.2%
Spearman ×321 · Trade Cart ×16 · Trebuchet (Packed) ×7 · Mangonel ×3 · Monk ×2
Mapa de la partida
Recursos iniciales + cada clic de construcción. Líneas = muros · curvas = relieve. ◆ oro · ⬟ piedra · ● bayas · ✦ reliquia · ◌ hueco del cierre
Inputs por minuto
— RuFF Holland - - GGOut
Build order — RuFF Holland
Primeras 150 de 488 acciones detectadas
| 0:01 | Crear | Villager (Male) |
| 0:01 | Crear | Villager (Male) |
| 0:01 | Crear | Villager (Male) |
| 0:02 | Construir | House |
| 0:03 | Construir | House |
| 0:10 | Crear | Villager (Male) |
| 1:20 | Construir | Lumber Camp |
| 1:26 | Crear | Villager (Male) |
| 1:50 | Crear | Villager (Male) |
| 2:26 | Crear | Villager (Male) |
| 2:32 | Crear | Villager (Male) |
| 3:08 | Crear | Villager (Male) |
| 3:36 | Crear | Villager (Male) |
| 3:40 | Construir | House |
| 4:05 | Construir | Dock |
| 4:11 | Crear | Villager (Male) |
| 4:11 | Crear | Villager (Male) |
| 4:11 | Crear | Villager (Male) |
| 4:28 | Crear | Villager (Male) |
| 4:54 | Crear | Fishing Ship |
| 5:00 | Crear | Villager (Male) |
| 5:20 | Crear | Villager (Male) |
| 5:24 | Construir | House |
| 5:26 | Crear | Fishing Ship |
| 5:36 | Construir | House |
| 5:45 | Crear | Villager (Male) |
| 6:03 | Construir | House |
| 6:05 | Crear | Villager (Male) |
| 6:17 | Crear | Fishing Ship |
| 6:38 | Crear | Villager (Male) |
| 6:50 | Crear | Villager (Male) |
| 6:52 | Crear | Fishing Ship |
| 7:16 | Construir | Palisade Wall |
| 7:24 | Crear | Villager (Male) |
| 7:39 | Crear | Fishing Ship |
| 7:44 | Crear | Villager (Male) |
| 8:10 | Crear | Fishing Ship |
| 8:16 | Crear | Villager (Male) |
| 8:36 | Crear | Villager (Male) |
| 8:56 | Crear | Villager (Male) |
| 9:06 | Crear | Fishing Ship |
| 9:14 | Investigar | Feudal Age |
| 9:22 | Construir | Mining Camp |
| 9:58 | Construir | Mill |
| 10:31 | Construir | House |
| 11:06 | Crear | Villager (Male) |
| 11:25 | Crear | Villager (Male) |
| 11:28 | Construir | Market |
| 11:36 | Construir | Blacksmith |
| 12:20 | Investigar | Castle Age |
| 12:23 | Investigar | Tech 906 |
| 12:47 | Construir | Fish Trap |
| 12:53 | Construir | Fish Trap |
| 13:03 | Construir | Fish Trap |
| 13:47 | Crear | Villager (Male) |
| 13:51 | Construir | Fish Trap |
| 13:56 | Construir | Fish Trap |
| 14:22 | Construir | House |
| 14:27 | Crear | Fishing Ship |
| 15:02 | Construir | Siege Workshop |
| 15:03 | Crear | Villager (Male) |
| 15:04 | Crear | Villager (Male) |
| 15:06 | Construir | Town Center |
| 15:29 | Crear | Villager (Male) |
| 15:33 | Construir | Town Center |
| 15:44 | Crear | Villager (Male) |
| 15:46 | Investigar | Gillnets |
| 16:00 | Crear | Villager (Male) |
| 16:16 | Crear | Mangonel |
| 16:17 | Crear | Villager (Male) |
| 16:18 | Crear | Villager (Male) |
| 16:18 | Crear | Villager (Male) |
| 16:26 | Crear | Villager (Male) |
| 16:26 | Crear | Villager (Male) |
| 16:28 | Crear | Villager (Male) |
| 16:46 | Crear | Villager (Male) |
| 16:47 | Crear | Villager (Male) |
| 16:51 | Construir | Fish Trap |
| 16:54 | Construir | Fish Trap |
| 17:19 | Crear | Mangonel |
| 17:22 | Crear | Villager (Male) |
| 17:28 | Crear | Villager (Male) |
| 17:49 | Crear | Villager (Male) |
| 17:53 | Crear | Villager (Male) |
| 18:02 | Crear | Villager (Male) |
| 18:02 | Crear | Villager (Male) |
| 18:03 | Crear | Fishing Ship |
| 18:10 | Construir | Dock |
| 18:15 | Construir | Dock |
| 18:29 | Crear | Mangonel |
| 18:30 | Crear | Villager (Male) |
| 18:31 | Crear | Villager (Male) |
| 18:33 | Construir | House |
| 18:38 | Construir | House |
| 18:39 | Construir | House |
| 18:39 | Construir | House |
| 18:39 | Construir | House |
| 18:44 | Crear | Villager (Male) |
| 19:03 | Crear | Villager (Male) |
| 19:26 | Crear | Mangonel |
| 19:28 | Crear | Villager (Male) |
| 19:28 | Crear | Villager (Male) |
| 19:30 | Construir | Lumber Camp |
| 19:31 | Crear | Fishing Ship |
| 19:31 | Crear | Fishing Ship |
| 19:34 | Construir | Fish Trap |
| 19:39 | Crear | Villager (Male) |
| 19:41 | Crear | Villager (Male) |
| 19:42 | Crear | Villager (Male) |
| 20:09 | Crear | Mangonel |
| 20:18 | Crear | Villager (Male) |
| 20:18 | Crear | Villager (Male) |
| 20:19 | Crear | Villager (Male) |
| 20:20 | Crear | Fishing Ship |
| 20:20 | Crear | Fishing Ship |
| 20:20 | Crear | Fishing Ship |
| 20:23 | Construir | House |
| 20:23 | Construir | House |
| 20:24 | Construir | House |
| 20:28 | Crear | Fishing Ship |
| 20:28 | Crear | Fishing Ship |
| 20:30 | Construir | Fish Trap |
| 20:51 | Crear | Villager (Male) |
| 20:52 | Crear | Villager (Male) |
| 20:54 | Construir | House |
| 20:57 | Construir | Lumber Camp |
| 20:58 | Crear | Fishing Ship |
| 20:58 | Crear | Fishing Ship |
| 21:01 | Construir | Fish Trap |
| 21:08 | Crear | Villager (Male) |
| 21:09 | Crear | Villager (Male) |
| 21:16 | Construir | Fish Trap |
| 21:17 | Construir | House |
| 21:19 | Crear | Fishing Ship |
| 21:35 | Crear | Mangonel |
| 21:40 | Crear | Villager (Male) |
| 21:42 | Crear | Villager (Male) |
| 21:51 | Construir | House |
| 21:51 | Crear | Fishing Ship |
| 21:52 | Crear | Fishing Ship |
| 22:01 | Crear | Villager (Male) |
| 22:31 | Crear | Villager (Male) |
| 22:31 | Crear | Villager (Male) |
| 22:34 | Crear | Mangonel |
| 22:43 | Crear | Villager (Male) |
| 22:43 | Crear | Villager (Male) |
| 22:43 | Crear | Villager (Male) |
| 22:44 | Construir | House |
| 22:45 | Crear | Fishing Ship |
| 22:45 | Crear | Fishing Ship |
Build order — GGOut
Primeras 150 de 430 acciones detectadas
| 0:01 | Crear | Villager (Male) |
| 0:01 | Crear | Villager (Male) |
| 0:01 | Crear | Villager (Male) |
| 0:02 | Construir | House |
| 0:03 | Construir | House |
| 0:12 | Crear | Villager (Male) |
| 0:12 | Crear | Villager (Male) |
| 1:26 | Crear | Villager (Male) |
| 1:26 | Crear | Villager (Male) |
| 1:27 | Crear | Villager (Male) |
| 1:49 | Construir | Lumber Camp |
| 2:04 | Crear | Villager (Male) |
| 2:04 | Crear | Villager (Male) |
| 2:27 | Crear | Villager (Male) |
| 2:37 | Crear | Villager (Male) |
| 3:16 | Crear | Villager (Male) |
| 3:37 | Crear | Villager (Male) |
| 3:37 | Crear | Villager (Male) |
| 3:38 | Crear | Villager (Male) |
| 3:56 | Construir | House |
| 4:32 | Crear | Villager (Male) |
| 4:32 | Crear | Villager (Male) |
| 5:03 | Crear | Villager (Male) |
| 5:03 | Crear | Villager (Male) |
| 5:07 | Construir | House |
| 5:08 | Construir | Mill |
| 5:21 | Crear | Villager (Male) |
| 5:47 | Crear | Villager (Male) |
| 5:47 | Crear | Villager (Male) |
| 5:47 | Crear | Villager (Male) |
| 6:25 | Crear | Villager (Male) |
| 6:25 | Crear | Villager (Male) |
| 6:44 | Crear | Villager (Male) |
| 6:44 | Crear | Villager (Male) |
| 7:43 | Construir | Mining Camp |
| 8:21 | Investigar | Feudal Age |
| 8:49 | Construir | House |
| 8:57 | Construir | Palisade Wall |
| 8:58 | Construir | Palisade Wall |
| 9:28 | Crear | Villager (Male) |
| 9:28 | Crear | Villager (Male) |
| 9:36 | Construir | House |
| 10:33 | Edad | Edad Feudal |
| 10:35 | Construir | Market |
| 10:40 | Construir | Market |
| 10:44 | Construir | Blacksmith |
| 11:25 | Investigar | Castle Age |
| 11:26 | Investigar | Castle Age |
| 11:32 | Construir | House |
| 12:05 | Investigar | Double-Bit Axe |
| 13:04 | Crear | Villager (Male) |
| 13:04 | Crear | Villager (Male) |
| 13:16 | Construir | House |
| 13:40 | Investigar | Horse Collar |
| 14:05 | Edad | Edad de los Castillos |
| 14:06 | Construir | Town Center |
| 14:11 | Construir | Siege Workshop |
| 14:15 | Construir | Town Center |
| 14:28 | Crear | Villager (Male) |
| 14:30 | Investigar | Bow Saw |
| 15:07 | Crear | Mangonel |
| 15:12 | Crear | Villager (Male) |
| 15:13 | Crear | Villager (Male) |
| 15:37 | Crear | Villager (Male) |
| 15:44 | Crear | Mangonel |
| 15:51 | Crear | Villager (Male) |
| 15:52 | Crear | Villager (Male) |
| 16:25 | Crear | Villager (Male) |
| 16:28 | Construir | Farm |
| 16:28 | Construir | Farm |
| 16:29 | Construir | Farm |
| 16:29 | Construir | Farm |
| 16:53 | Construir | House |
| 17:00 | Crear | Scorpion |
| 17:01 | Crear | Villager (Male) |
| 17:02 | Crear | Villager (Male) |
| 17:03 | Construir | Farm |
| 17:03 | Construir | Farm |
| 17:03 | Construir | Farm |
| 17:03 | Construir | Farm |
| 17:03 | Construir | Farm |
| 17:04 | Construir | Farm |
| 17:04 | Construir | Farm |
| 17:41 | Crear | Villager (Male) |
| 18:10 | Crear | Mangonel |
| 18:29 | Crear | Villager (Male) |
| 18:29 | Crear | Villager (Male) |
| 18:29 | Crear | Villager (Male) |
| 18:31 | Construir | Farm |
| 18:31 | Construir | Farm |
| 18:31 | Construir | Farm |
| 18:32 | Construir | Farm |
| 18:32 | Construir | Farm |
| 18:44 | Construir | House |
| 18:47 | Crear | Villager (Male) |
| 19:02 | Crear | Villager (Male) |
| 19:14 | Crear | Villager (Male) |
| 19:14 | Crear | Villager (Male) |
| 19:34 | Crear | Villager (Male) |
| 19:34 | Crear | Villager (Male) |
| 19:39 | Construir | Farm |
| 19:53 | Crear | Villager (Male) |
| 20:10 | Crear | Villager (Male) |
| 20:16 | Crear | Villager (Male) |
| 20:18 | Crear | Mangonel |
| 20:27 | Crear | Mangonel |
| 20:28 | Crear | Villager (Male) |
| 20:30 | Construir | Farm |
| 20:30 | Construir | Farm |
| 20:31 | Crear | Villager (Male) |
| 20:32 | Crear | Villager (Male) |
| 20:34 | Crear | Villager (Male) |
| 20:37 | Construir | House |
| 20:52 | Crear | Villager (Male) |
| 20:53 | Crear | Villager (Male) |
| 20:54 | Construir | Farm |
| 20:57 | Construir | House |
| 20:57 | Construir | House |
| 20:59 | Construir | Farm |
| 21:03 | Crear | Villager (Male) |
| 21:07 | Construir | Mining Camp |
| 21:13 | Construir | Lumber Camp |
| 21:22 | Crear | Villager (Male) ×2 |
| 21:22 | Crear | Villager (Male) ×2 |
| 21:23 | Construir | Farm |
| 21:31 | Crear | Villager (Male) |
| 21:43 | Crear | Villager (Male) |
| 21:45 | Crear | Villager (Male) |
| 22:03 | Crear | Villager (Male) |
| 22:03 | Crear | Villager (Male) |
| 22:06 | Crear | Mangonel |
| 22:31 | Crear | Villager (Male) |
| 22:31 | Crear | Villager (Male) |
| 22:32 | Construir | Farm |
| 22:32 | Construir | Farm |
| 22:32 | Construir | Farm |
| 22:32 | Construir | Farm |
| 22:46 | Construir | House |
| 22:46 | Construir | House |
| 22:47 | Construir | House |
| 22:47 | Construir | House |
| 22:49 | Crear | Villager (Male) |
| 22:49 | Crear | Villager (Male) |
| 22:49 | Crear | Villager (Male) |
| 22:51 | Construir | Farm |
| 22:52 | Construir | Farm |
| 22:55 | Crear | Villager (Male) |
| 22:56 | Construir | Farm |
| 22:58 | Crear | Villager (Male) |
| 22:58 | Crear | Villager (Male) |
Build order — NOC | Target331
Primeras 150 de 347 acciones detectadas
| 0:07 | Construir | House |
| 0:09 | Construir | House |
| 0:09 | Crear | Villager (Male) |
| 0:10 | Crear | Villager (Male) |
| 0:10 | Crear | Villager (Male) |
| 0:10 | Crear | Villager (Male) |
| 0:20 | Investigar | Loom |
| 0:20 | Crear | Villager (Male) |
| 0:21 | Crear | Villager (Male) |
| 0:21 | Crear | Villager (Male) |
| 1:33 | Construir | Palisade Wall |
| 1:36 | Construir | Palisade Wall |
| 1:56 | Construir | Palisade Wall |
| 1:58 | Crear | Villager (Male) |
| 2:21 | Construir | Lumber Camp |
| 2:31 | Crear | Villager (Male) |
| 3:00 | Crear | Villager (Male) |
| 3:25 | Crear | Villager (Male) |
| 3:48 | Crear | Villager (Male) |
| 3:57 | Construir | House |
| 4:14 | Crear | Villager (Male) |
| 4:30 | Crear | Villager (Male) |
| 5:04 | Crear | Villager (Male) |
| 5:31 | Crear | Villager (Male) |
| 5:48 | Construir | Barracks |
| 6:11 | Crear | Villager (Male) |
| 6:17 | Crear | Villager (Male) |
| 6:35 | Crear | Villager (Male) |
| 6:46 | Construir | House |
| 7:26 | Investigar | Feudal Age |
| 7:38 | Crear | Militia |
| 7:48 | Crear | Militia |
| 8:25 | Crear | Militia |
| 8:27 | Construir | Mining Camp |
| 8:33 | Construir | House |
| 9:03 | Crear | Villager (Male) |
| 9:36 | Edad | Edad Feudal |
| 9:37 | Construir | Watch Tower |
| 9:41 | Crear | Villager (Male) |
| 9:45 | Crear | Villager (Male) |
| 9:55 | Crear | Villager (Male) |
| 9:55 | Crear | Villager (Male) |
| 9:55 | Crear | Villager (Male) |
| 9:56 | Crear | Villager (Male) |
| 10:21 | Investigar | Man-at-Arms (upgrade) |
| 10:33 | Crear | Villager (Male) |
| 10:55 | Construir | House |
| 11:07 | Construir | Lumber Camp |
| 11:33 | Crear | Villager (Male) |
| 11:53 | Investigar | Double-Bit Axe |
| 12:15 | Construir | Watch Tower |
| 12:31 | Crear | Villager (Male) |
| 12:31 | Crear | Villager (Male) |
| 12:55 | Construir | Blacksmith |
| 13:22 | Crear | Villager (Male) |
| 13:30 | Crear | Villager (Male) |
| 13:32 | Construir | House |
| 14:08 | Crear | Villager (Male) |
| 14:20 | Crear | Villager (Male) |
| 14:22 | Construir | Mining Camp |
| 14:28 | Crear | Villager (Male) |
| 14:38 | Construir | House |
| 14:44 | Construir | Mill |
| 14:45 | Crear | Villager (Male) |
| 15:27 | Crear | Villager (Male) |
| 15:42 | Investigar | Fletching |
| 15:45 | Construir | Farm |
| 15:46 | Construir | Farm |
| 15:49 | Construir | Farm |
| 15:50 | Construir | Farm |
| 16:03 | Construir | Farm |
| 16:12 | Construir | Farm |
| 16:22 | Crear | Villager (Male) |
| 16:28 | Construir | Farm |
| 16:42 | Construir | House |
| 16:43 | Crear | Villager (Male) |
| 16:46 | Construir | Farm |
| 17:00 | Construir | Farm |
| 17:01 | Crear | Villager (Male) |
| 17:10 | Construir | Watch Tower |
| 17:36 | Investigar | Wheelbarrow |
| 17:41 | Construir | Farm |
| 17:59 | Crear | Villager (Male) |
| 18:15 | Construir | Farm |
| 18:15 | Construir | Farm |
| 18:17 | Construir | House |
| 18:19 | Crear | Villager (Male) |
| 19:02 | Crear | Villager (Male) |
| 19:14 | Construir | Archery Range |
| 19:19 | Crear | Villager (Male) |
| 19:59 | Crear | Villager (Male) |
| 20:32 | Crear | Villager (Male) |
| 20:55 | Construir | Lumber Camp |
| 21:10 | Investigar | Castle Age |
| 21:16 | Crear | Archer |
| 21:17 | Crear | Spearman |
| 21:23 | Crear | Archer |
| 21:34 | Construir | Watch Tower |
| 21:37 | Construir | Watch Tower |
| 21:40 | Crear | Archer |
| 22:14 | Crear | Archer |
| 22:42 | Crear | Villager (Male) |
| 22:44 | Crear | Villager (Male) |
| 23:14 | Crear | Archer |
| 23:31 | Construir | Watch Tower |
| 23:50 | Edad | Edad de los Castillos |
| 23:54 | Investigar | Bow Saw |
| 23:56 | Investigar | Horse Collar |
| 23:58 | Crear | Villager (Male) |
| 24:01 | Construir | Town Center |
| 24:06 | Construir | Town Center |
| 24:09 | Crear | Villager (Male) |
| 24:11 | Investigar | Hand Cart |
| 24:16 | Investigar | Heavy Plow |
| 24:20 | Construir | Town Center |
| 24:23 | Crear | Villager (Male) |
| 24:35 | Construir | House |
| 24:49 | Crear | Villager (Male) |
| 24:54 | Construir | Farm |
| 24:55 | Construir | Farm |
| 25:07 | Crear | Villager (Male) |
| 25:17 | Construir | Farm |
| 25:20 | Crear | Villager (Male) |
| 25:37 | Investigar | Bodkin Arrow |
| 25:46 | Construir | Watch Tower |
| 26:10 | Crear | Villager (Male) |
| 26:31 | Construir | House |
| 26:32 | Crear | Villager (Male) |
| 26:35 | Crear | Villager (Male) |
| 26:35 | Crear | Villager (Male) |
| 26:47 | Crear | Villager (Male) |
| 26:50 | Construir | Farm |
| 26:50 | Construir | Farm |
| 26:52 | Construir | Farm |
| 26:53 | Construir | Farm |
| 26:57 | Construir | Farm |
| 26:57 | Construir | Farm |
| 26:59 | Construir | Farm |
| 27:04 | Construir | Farm |
| 27:05 | Crear | Villager (Male) ×4 |
| 27:29 | Crear | Archer |
| 27:34 | Construir | Watch Tower |
| 27:34 | Crear | Villager (Male) |
| 27:35 | Crear | Villager (Male) |
| 27:42 | Construir | Farm |
| 27:43 | Construir | Farm |
| 27:44 | Construir | Farm |
| 27:46 | Construir | Farm |
| 27:46 | Construir | Farm |
| 27:57 | Crear | Archer |
Build order — Oni.JorDan_AoE
Primeras 150 de 444 acciones detectadas
| 0:01 | Crear | Villager (Male) |
| 0:01 | Crear | Villager (Male) |
| 0:01 | Crear | Villager (Male) |
| 0:01 | Crear | Villager (Male) |
| 0:02 | Construir | House |
| 0:03 | Construir | House |
| 0:29 | Construir | Palisade Wall |
| 0:50 | Investigar | Loom |
| 0:50 | Crear | Villager (Male) |
| 0:50 | Crear | Villager (Male) |
| 0:50 | Crear | Villager (Male) |
| 0:50 | Crear | Villager (Male) |
| 0:50 | Crear | Villager (Male) |
| 1:01 | Construir | Palisade Wall |
| 1:03 | Construir | Palisade Wall |
| 1:29 | Construir | Lumber Camp |
| 1:37 | Crear | Villager (Male) |
| 1:37 | Crear | Villager (Male) |
| 1:45 | Construir | Palisade Wall |
| 1:57 | Construir | Palisade Wall |
| 1:58 | Construir | Palisade Wall |
| 2:16 | Crear | Villager (Male) |
| 2:45 | Crear | Villager (Male) |
| 2:45 | Crear | Villager (Male) |
| 2:45 | Crear | Villager (Male) |
| 3:12 | Crear | Villager (Male) |
| 3:12 | Crear | Villager (Male) |
| 3:23 | Crear | Villager (Male) |
| 3:23 | Crear | Villager (Male) |
| 3:41 | Crear | Villager (Male) |
| 4:03 | Construir | House |
| 4:11 | Crear | Villager (Male) |
| 4:46 | Crear | Villager (Male) |
| 4:50 | Construir | Mill |
| 5:21 | Crear | Villager (Male) |
| 5:33 | Crear | Villager (Male) |
| 5:51 | Crear | Villager (Male) |
| 5:52 | Crear | Villager (Male) |
| 6:47 | Construir | House |
| 6:55 | Investigar | Feudal Age |
| 7:29 | Crear | Villager (Male) |
| 7:33 | Construir | Lumber Camp |
| 9:02 | Construir | House |
| 9:07 | Crear | Villager (Male) |
| 9:12 | Edad | Edad Feudal |
| 9:13 | Construir | Watch Tower |
| 9:13 | Investigar | Double-Bit Axe |
| 9:18 | Construir | Dock |
| 9:32 | Crear | Villager (Male) |
| 9:40 | Investigar | Town Watch |
| 9:42 | Crear | Villager (Male) |
| 10:04 | Crear | Villager (Male) |
| 10:05 | Construir | Mining Camp |
| 10:15 | Crear | Villager (Male) |
| 10:20 | Construir | House |
| 10:27 | Crear | Villager (Male) |
| 11:09 | Crear | Villager (Male) |
| 11:16 | Crear | Fishing Ship |
| 11:23 | Crear | Villager (Male) |
| 11:55 | Construir | Watch Tower |
| 11:59 | Crear | Fishing Ship |
| 12:04 | Crear | Villager (Male) |
| 12:28 | Crear | Villager (Male) |
| 12:35 | Crear | Villager (Male) |
| 12:42 | Crear | Fishing Ship |
| 12:56 | Crear | Villager (Male) |
| 12:57 | Construir | Blacksmith |
| 13:18 | Crear | Villager (Male) |
| 13:31 | Crear | Fishing Ship |
| 13:32 | Crear | Fishing Ship |
| 13:40 | Construir | House |
| 13:41 | Investigar | Fletching |
| 13:52 | Crear | Villager (Male) |
| 14:12 | Crear | Villager (Male) |
| 14:14 | Crear | Fishing Ship |
| 14:33 | Crear | Fishing Ship |
| 14:54 | Construir | Building 673 |
| 15:02 | Crear | Villager (Male) |
| 15:11 | Crear | Fishing Ship |
| 15:19 | Investigar | Tech 906 |
| 15:22 | Construir | Mining Camp |
| 15:28 | Construir | House |
| 15:34 | Construir | Lumber Camp |
| 15:48 | Crear | Villager (Male) |
| 15:49 | Construir | House |
| 16:06 | Crear | Fishing Ship |
| 16:10 | Construir | Fish Trap |
| 16:21 | Crear | Villager (Male) |
| 16:22 | Crear | Villager (Male) |
| 16:37 | Crear | Fishing Ship |
| 16:41 | Construir | Fish Trap |
| 16:42 | Crear | Villager (Male) |
| 16:56 | Crear | Villager (Male) |
| 17:02 | Crear | Fishing Ship |
| 17:06 | Construir | House |
| 17:12 | Construir | Market |
| 17:35 | Crear | Fishing Ship |
| 17:41 | Crear | Villager (Male) |
| 17:59 | Crear | Villager (Male) |
| 18:00 | Crear | Fishing Ship |
| 18:02 | Construir | Fish Trap |
| 18:04 | Construir | Fish Trap |
| 18:12 | Crear | Villager (Male) |
| 18:27 | Construir | Dock |
| 18:30 | Construir | Fish Trap |
| 18:31 | Crear | Villager (Male) |
| 18:35 | Construir | Stone Wall |
| 18:41 | Construir | Stone Wall |
| 18:52 | Crear | Fishing Ship |
| 19:11 | Crear | Fishing Ship |
| 19:11 | Crear | Fishing Ship |
| 19:15 | Construir | House |
| 19:16 | Construir | House |
| 19:21 | Crear | Fishing Ship |
| 19:38 | Investigar | Wheelbarrow |
| 19:40 | Crear | Fishing Ship |
| 19:42 | Construir | Fish Trap |
| 19:44 | Construir | House |
| 19:45 | Construir | House |
| 19:46 | Construir | House |
| 20:00 | Construir | Fish Trap |
| 20:25 | Crear | Fishing Ship |
| 20:31 | Construir | Stone Wall |
| 20:34 | Construir | Building 673 |
| 20:36 | Construir | Stone Wall |
| 20:44 | Crear | Fishing Ship |
| 20:45 | Crear | Fishing Ship |
| 20:47 | Construir | Fish Trap |
| 20:50 | Construir | Fish Trap |
| 20:52 | Construir | Fish Trap |
| 21:08 | Construir | Outpost |
| 21:23 | Construir | Fish Trap |
| 21:27 | Construir | Fish Trap |
| 21:30 | Investigar | Castle Age |
| 21:41 | Crear | Fishing Ship |
| 21:44 | Construir | Fish Trap |
| 21:53 | Construir | Fish Trap |
| 21:57 | Construir | Fish Trap |
| 22:10 | Crear | Fishing Ship |
| 22:20 | Construir | Fish Trap |
| 22:23 | Construir | Fish Trap |
| 22:26 | Construir | Fish Trap |
| 22:28 | Construir | Fish Trap |
| 22:38 | Crear | Fishing Ship |
| 22:48 | Construir | Barracks |
| 23:09 | Construir | Fish Trap |
| 23:10 | Crear | Villager (Male) |
| 23:22 | Construir | Fish Trap |
| 23:32 | Construir | Fish Trap |
| 24:03 | Construir | Archery Range |
Build order — Oni.TheViper
Primeras 150 de 433 acciones detectadas
| 0:01 | Crear | Villager (Male) |
| 0:01 | Crear | Villager (Male) |
| 0:02 | Construir | House |
| 0:03 | Construir | House |
| 0:05 | Crear | Villager (Male) |
| 0:12 | Crear | Villager (Male) |
| 1:23 | Crear | Villager (Male) |
| 1:44 | Construir | Lumber Camp |
| 2:03 | Crear | Villager (Male) |
| 2:14 | Crear | Villager (Male) |
| 2:52 | Crear | Villager (Male) |
| 3:11 | Construir | Palisade Wall |
| 3:11 | Construir | Palisade Wall |
| 3:12 | Construir | Palisade Wall |
| 3:12 | Construir | Palisade Wall |
| 3:13 | Construir | Palisade Wall |
| 3:13 | Construir | Palisade Wall |
| 3:30 | Crear | Villager (Male) |
| 3:32 | Crear | Villager (Male) |
| 4:00 | Construir | Palisade Wall |
| 4:01 | Construir | Palisade Wall |
| 4:01 | Construir | Palisade Wall |
| 4:05 | Construir | House |
| 4:08 | Crear | Villager (Male) |
| 4:16 | Construir | Palisade Wall |
| 4:17 | Construir | Palisade Wall |
| 4:18 | Construir | Palisade Gate |
| 4:28 | Construir | Palisade Wall |
| 4:31 | Crear | Villager (Male) |
| 4:35 | Construir | Palisade Wall |
| 4:36 | Construir | Palisade Wall |
| 4:38 | Construir | Palisade Wall |
| 4:41 | Construir | Palisade Wall |
| 4:42 | Construir | Palisade Wall |
| 4:50 | Construir | Palisade Wall |
| 5:05 | Construir | Dock |
| 5:10 | Investigar | Loom |
| 5:22 | Crear | Villager (Male) |
| 5:49 | Crear | Fishing Ship |
| 5:57 | Crear | Villager (Male) |
| 5:59 | Construir | House |
| 6:02 | Construir | House |
| 6:19 | Crear | Villager (Male) |
| 6:35 | Crear | Fishing Ship |
| 6:43 | Construir | Palisade Wall |
| 6:44 | Construir | Palisade Wall |
| 6:52 | Crear | Villager (Male) |
| 7:11 | Crear | Villager (Male) |
| 7:17 | Crear | Fishing Ship |
| 7:21 | Construir | House |
| 7:28 | Construir | Palisade Wall |
| 7:30 | Construir | Palisade Wall |
| 7:38 | Crear | Villager (Male) |
| 7:46 | Construir | Palisade Wall |
| 7:47 | Construir | Palisade Wall |
| 7:47 | Construir | Palisade Wall |
| 7:55 | Crear | Villager (Male) |
| 8:01 | Investigar | Double-Bit Axe |
| 8:02 | Crear | Villager (Male) |
| 8:16 | Crear | Villager (Male) |
| 8:45 | Construir | Palisade Wall |
| 8:47 | Construir | Palisade Wall |
| 8:48 | Construir | Palisade Wall |
| 8:56 | Crear | Villager (Male) |
| 8:58 | Crear | Fishing Ship |
| 8:59 | Construir | House |
| 9:15 | Crear | Villager (Male) |
| 9:16 | Crear | Villager (Male) |
| 9:20 | Crear | Fishing Ship |
| 9:26 | Construir | House |
| 9:31 | Construir | Palisade Wall |
| 9:36 | Construir | Mill |
| 9:38 | Construir | House |
| 9:51 | Crear | Villager (Male) |
| 10:06 | Investigar | Tech 906 |
| 10:15 | Construir | Lumber Camp |
| 10:28 | Construir | House |
| 10:36 | Crear | Villager (Male) |
| 10:53 | Crear | Villager (Male) |
| 10:59 | Crear | Fishing Ship |
| 11:06 | Construir | Mining Camp |
| 11:20 | Crear | Villager (Male) |
| 11:57 | Crear | Fishing Ship |
| 11:59 | Investigar | Feudal Age |
| 12:14 | Construir | Palisade Wall |
| 12:23 | Crear | Villager (Male) |
| 12:25 | Construir | Palisade Wall |
| 12:39 | Investigar | Wheelbarrow |
| 12:46 | Construir | Dock |
| 12:57 | Construir | Mining Camp |
| 13:25 | Construir | Palisade Wall |
| 13:59 | Construir | House |
| 14:00 | Construir | House |
| 14:01 | Construir | House |
| 14:09 | Edad | Edad Feudal |
| 14:12 | Investigar | Bow Saw |
| 14:13 | Crear | Galley |
| 14:13 | Crear | Galley |
| 14:14 | Crear | Villager (Male) |
| 14:29 | Crear | Villager (Male) |
| 14:33 | Construir | House |
| 14:38 | Construir | Building 796 |
| 14:41 | Construir | House |
| 14:53 | Crear | Villager (Male) |
| 15:01 | Investigar | Gillnets |
| 15:08 | Crear | Villager (Male) |
| 15:13 | Investigar | Hand Cart |
| 15:13 | Crear | Villager (Male) |
| 15:25 | Crear | Villager (Male) |
| 15:29 | Construir | House |
| 15:30 | Construir | Palisade Wall |
| 15:36 | Crear | Villager (Male) |
| 15:47 | Crear | Villager (Male) |
| 15:52 | Construir | Palisade Wall |
| 15:53 | Construir | Palisade Wall |
| 15:54 | Construir | Palisade Wall |
| 15:57 | Crear | Villager (Male) |
| 16:00 | Construir | Watch Tower |
| 16:03 | Investigar | Gold Mining |
| 16:03 | Investigar | Stone Mining |
| 16:19 | Crear | Villager (Male) |
| 16:28 | Construir | Fish Trap |
| 16:35 | Construir | Building 490 |
| 16:43 | Crear | Villager (Male) |
| 16:54 | Construir | House |
| 16:55 | Construir | Palisade Wall |
| 16:57 | Construir | House |
| 16:58 | Construir | Palisade Wall |
| 16:58 | Crear | Villager (Male) |
| 17:01 | Construir | Palisade Wall |
| 17:10 | Construir | Fish Trap |
| 17:11 | Construir | Fish Trap |
| 17:19 | Crear | Villager (Male) |
| 17:31 | Construir | Stone Wall |
| 17:32 | Crear | Villager (Male) |
| 17:33 | Construir | Stone Wall |
| 17:36 | Crear | Fishing Ship |
| 17:36 | Crear | Fishing Ship |
| 17:45 | Construir | Fish Trap |
| 17:55 | Crear | Villager (Male) |
| 18:01 | Crear | Villager (Male) |
| 18:05 | Crear | Villager (Male) |
| 18:14 | Construir | Dock |
| 18:19 | Crear | Villager (Male) |
| 18:26 | Construir | Fish Trap |
| 18:30 | Crear | Villager (Male) |
| 18:30 | Crear | Villager (Male) |
| 18:53 | Construir | Stone Wall |
| 18:57 | Crear | Fishing Ship |
| 18:57 | Crear | Fishing Ship |
Build order — ceepki
Primeras 150 de 344 acciones detectadas
| 0:00 | Crear | Villager (Male) |
| 0:00 | Crear | Villager (Male) |
| 0:01 | Crear | Villager (Male) |
| 0:02 | Construir | House |
| 0:03 | Construir | House |
| 0:04 | Crear | Villager (Male) |
| 0:43 | Investigar | Loom |
| 0:51 | Construir | Palisade Wall |
| 0:52 | Crear | Villager (Male) |
| 1:17 | Construir | Lumber Camp |
| 1:29 | Crear | Villager (Male) |
| 2:07 | Crear | Villager (Male) |
| 2:27 | Construir | Palisade Wall |
| 2:55 | Crear | Villager (Male) |
| 3:15 | Crear | Villager (Male) |
| 3:21 | Construir | Palisade Wall |
| 3:27 | Construir | Palisade Wall |
| 3:35 | Construir | Palisade Wall |
| 3:35 | Construir | Palisade Wall |
| 3:36 | Crear | Villager (Male) |
| 3:40 | Construir | Palisade Wall |
| 3:53 | Construir | Palisade Wall |
| 4:00 | Crear | Villager (Male) |
| 4:23 | Construir | Palisade Wall |
| 4:26 | Construir | Palisade Wall |
| 4:48 | Crear | Villager (Male) |
| 4:59 | Crear | Villager (Male) |
| 4:59 | Crear | Villager (Male) |
| 5:20 | Crear | Villager (Male) |
| 5:43 | Crear | Villager (Male) |
| 5:44 | Crear | Villager (Male) |
| 6:02 | Construir | House |
| 6:13 | Crear | Villager (Male) |
| 6:48 | Crear | Villager (Male) |
| 7:11 | Crear | Villager (Male) |
| 7:23 | Crear | Villager (Male) |
| 7:35 | Construir | Mill |
| 7:39 | Crear | Villager (Male) |
| 7:49 | Construir | Palisade Wall |
| 7:50 | Construir | Palisade Wall |
| 8:10 | Construir | House |
| 8:11 | Crear | Villager (Male) |
| 8:19 | Crear | Villager (Male) |
| 8:30 | Crear | Villager (Male) |
| 8:37 | Crear | Villager (Male) |
| 9:42 | Investigar | Feudal Age |
| 10:08 | Construir | House |
| 10:49 | Crear | Villager (Male) |
| 10:53 | Construir | Mining Camp |
| 11:30 | Crear | Villager (Male) |
| 11:39 | Construir | Mining Camp |
| 11:54 | Edad | Edad Feudal |
| 11:56 | Construir | Watch Tower |
| 12:00 | Crear | Villager (Male) |
| 12:11 | Construir | Stone Wall |
| 12:16 | Investigar | Double-Bit Axe |
| 12:16 | Investigar | Horse Collar |
| 12:21 | Construir | Farm |
| 12:22 | Crear | Villager (Male) |
| 12:35 | Crear | Villager (Male) |
| 12:43 | Crear | Villager (Male) |
| 13:02 | Crear | Villager (Male) |
| 13:04 | Construir | Farm |
| 13:11 | Construir | House |
| 13:33 | Crear | Villager (Male) |
| 13:45 | Crear | Villager (Male) |
| 13:59 | Crear | Villager (Male) |
| 14:16 | Construir | Stone Wall |
| 14:21 | Construir | Stone Wall |
| 14:33 | Crear | Villager (Male) |
| 15:08 | Construir | Farm |
| 15:19 | Construir | Palisade Wall |
| 15:19 | Construir | Palisade Wall |
| 15:24 | Crear | Villager (Male) |
| 15:32 | Construir | Stone Wall |
| 15:34 | Construir | Stone Wall |
| 15:43 | Crear | Villager (Male) |
| 15:45 | Construir | Farm |
| 15:46 | Construir | Farm |
| 15:52 | Construir | Watch Tower |
| 16:04 | Crear | Villager (Male) |
| 16:11 | Construir | Watch Tower |
| 16:37 | Construir | Stone Wall |
| 16:38 | Crear | Villager (Male) |
| 16:42 | Construir | Stone Wall |
| 16:46 | Construir | Stone Wall |
| 16:47 | Construir | Stone Wall |
| 16:50 | Construir | Stone Wall |
| 16:52 | Construir | Stone Wall |
| 17:08 | Construir | Watch Tower |
| 17:16 | Construir | Farm |
| 17:17 | Construir | Farm |
| 17:49 | Crear | Villager (Male) |
| 18:15 | Construir | Lumber Camp |
| 18:18 | Crear | Villager (Male) |
| 18:18 | Crear | Villager (Male) |
| 18:30 | Crear | Villager (Male) |
| 18:32 | Construir | Stone Wall |
| 18:48 | Construir | House |
| 19:00 | Construir | House |
| 19:00 | Crear | Villager (Male) |
| 19:27 | Crear | Villager (Male) |
| 19:54 | Construir | Farm |
| 19:55 | Construir | Farm |
| 19:55 | Construir | Farm |
| 19:57 | Crear | Villager (Male) |
| 19:59 | Construir | Palisade Wall |
| 20:01 | Construir | Palisade Wall |
| 20:03 | Construir | Palisade Wall |
| 20:04 | Construir | Palisade Wall |
| 20:06 | Construir | Palisade Wall |
| 20:08 | Construir | Palisade Wall |
| 20:09 | Construir | Palisade Wall |
| 20:10 | Construir | Palisade Wall |
| 20:11 | Crear | Villager (Male) |
| 20:27 | Construir | Stone Wall |
| 20:29 | Construir | House |
| 20:30 | Construir | House |
| 20:42 | Construir | Stone Wall |
| 20:45 | Crear | Villager (Male) |
| 20:52 | Construir | Stone Wall |
| 20:58 | Construir | Lumber Camp |
| 21:03 | Construir | Lumber Camp |
| 21:07 | Construir | Market |
| 21:07 | Crear | Villager (Male) |
| 21:08 | Crear | Villager (Male) |
| 21:22 | Crear | Villager (Male) |
| 21:29 | Construir | Palisade Gate |
| 21:37 | Crear | Villager (Male) |
| 21:53 | Construir | Farm |
| 21:54 | Construir | Farm |
| 22:28 | Crear | Villager (Male) |
| 22:39 | Construir | Farm |
| 22:39 | Construir | Farm |
| 22:40 | Construir | Farm |
| 23:04 | Crear | Villager (Male) |
| 23:07 | Investigar | Town Watch |
| 23:19 | Construir | Outpost |
| 23:40 | Crear | Villager (Male) |
| 23:54 | Construir | Market |
| 24:17 | Construir | Blacksmith |
| 24:19 | Crear | Villager (Male) |
| 24:40 | Investigar | Castle Age |
| 24:40 | Investigar | Castle Age |
| 24:45 | Investigar | Fletching |
| 24:46 | Crear | Villager (Male) |
| 24:50 | Construir | Building 673 |
| 24:53 | Construir | Stone Wall |
| 24:59 | Construir | Mining Camp |
| 25:05 | Investigar | Gold Mining |
Build order — NoLo
Primeras 150 de 450 acciones detectadas
| 0:02 | Crear | Villager (Male) ×4 |
| 0:04 | Construir | House |
| 0:05 | Construir | House |
| 1:15 | Crear | Villager (Male) |
| 1:52 | Construir | Lumber Camp |
| 2:06 | Crear | Villager (Male) |
| 2:21 | Crear | Villager (Male) |
| 2:36 | Crear | Villager (Male) |
| 3:21 | Crear | Villager (Male) |
| 3:28 | Crear | Villager (Male) |
| 3:28 | Crear | Villager (Male) |
| 3:50 | Construir | House |
| 4:09 | Crear | Villager (Male) |
| 4:09 | Crear | Villager (Male) |
| 4:31 | Crear | Villager (Male) |
| 4:31 | Crear | Villager (Male) |
| 4:50 | Construir | Dock |
| 4:51 | Crear | Villager (Male) |
| 4:51 | Crear | Villager (Male) |
| 4:55 | Crear | Villager (Male) |
| 5:09 | Construir | House |
| 5:11 | Crear | Villager (Male) |
| 5:12 | Crear | Villager (Male) |
| 5:21 | Construir | Palisade Wall |
| 5:22 | Construir | Palisade Wall |
| 5:23 | Construir | Palisade Wall |
| 5:23 | Construir | Palisade Wall |
| 5:48 | Construir | Palisade Wall |
| 5:52 | Construir | Palisade Wall |
| 5:55 | Construir | Palisade Wall |
| 6:03 | Crear | Villager (Male) |
| 6:04 | Crear | Villager (Male) |
| 6:04 | Crear | Villager (Male) |
| 6:16 | Crear | Villager (Male) |
| 6:41 | Crear | Fishing Ship |
| 6:42 | Crear | Fishing Ship |
| 7:16 | Construir | House |
| 7:37 | Crear | Villager (Male) |
| 7:37 | Crear | Villager (Male) |
| 7:58 | Construir | House |
| 8:01 | Crear | Fishing Ship |
| 8:02 | Crear | Fishing Ship |
| 8:04 | Crear | Villager (Male) |
| 8:56 | Investigar | Feudal Age |
| 9:09 | Construir | Palisade Wall |
| 9:22 | Construir | Mining Camp |
| 9:27 | Construir | Mill |
| 9:55 | Crear | Villager (Male) |
| 9:55 | Crear | Villager (Male) |
| 9:56 | Crear | Villager (Male) |
| 10:05 | Crear | Fishing Ship |
| 11:06 | Edad | Edad Feudal |
| 11:11 | Construir | Market |
| 11:15 | Construir | Blacksmith |
| 11:18 | Construir | House |
| 11:40 | Crear | Fishing Ship |
| 12:01 | Crear | Villager (Male) |
| 12:30 | Construir | Palisade Wall |
| 12:31 | Construir | Palisade Wall |
| 12:31 | Construir | Palisade Wall |
| 12:46 | Investigar | Castle Age |
| 12:46 | Investigar | Castle Age |
| 13:15 | Construir | House |
| 13:17 | Investigar | Double-Bit Axe |
| 13:37 | Investigar | Tech 906 |
| 13:41 | Crear | Fishing Ship |
| 14:37 | Crear | Villager (Male) |
| 14:37 | Crear | Villager (Male) |
| 15:26 | Edad | Edad de los Castillos |
| 15:32 | Construir | Town Center |
| 15:37 | Construir | Town Center |
| 15:45 | Investigar | Bow Saw |
| 15:48 | Crear | Fishing Ship |
| 15:55 | Crear | Villager (Male) |
| 15:57 | Construir | House |
| 16:05 | Construir | Lumber Camp |
| 16:15 | Crear | Villager (Male) |
| 16:21 | Construir | House |
| 16:34 | Construir | House |
| 16:35 | Crear | Villager (Male) |
| 16:40 | Construir | Fish Trap |
| 16:45 | Crear | Villager (Male) |
| 16:56 | Crear | Villager (Male) |
| 16:58 | Construir | Fish Trap |
| 16:59 | Construir | Fish Trap |
| 17:03 | Crear | Villager (Male) |
| 17:06 | Crear | Villager (Male) |
| 17:20 | Crear | Villager (Male) |
| 17:20 | Crear | Villager (Male) |
| 17:23 | Crear | Villager (Male) |
| 17:23 | Crear | Villager (Male) |
| 17:23 | Crear | Villager (Male) |
| 17:27 | Crear | Villager (Male) |
| 17:37 | Construir | Dock |
| 17:39 | Construir | Fish Trap |
| 17:41 | Crear | Villager (Male) |
| 17:47 | Construir | House |
| 18:10 | Construir | Fish Trap |
| 18:11 | Construir | Fish Trap |
| 18:12 | Construir | Fish Trap |
| 18:14 | Construir | Fish Trap |
| 18:20 | Crear | Fishing Ship |
| 18:20 | Crear | Fishing Ship |
| 18:21 | Crear | Villager (Male) |
| 18:21 | Crear | Villager (Male) |
| 18:23 | Construir | House |
| 18:36 | Crear | Fishing Ship |
| 18:39 | Crear | Villager (Male) |
| 18:51 | Construir | Dock |
| 18:53 | Crear | Fishing Ship |
| 18:53 | Crear | Fishing Ship |
| 19:15 | Crear | Villager (Male) |
| 19:21 | Construir | Fish Trap |
| 19:23 | Construir | Fish Trap |
| 19:28 | Construir | Siege Workshop |
| 19:29 | Construir | House |
| 19:30 | Construir | House |
| 19:30 | Crear | Villager (Male) |
| 19:31 | Crear | Fishing Ship |
| 19:32 | Crear | Fishing Ship |
| 19:39 | Crear | Villager (Male) |
| 19:39 | Crear | Villager (Male) |
| 19:39 | Crear | Villager (Male) |
| 19:42 | Construir | Fish Trap |
| 19:44 | Construir | Fish Trap |
| 19:45 | Crear | Fishing Ship |
| 19:46 | Crear | Villager (Male) |
| 19:47 | Crear | Villager (Male) |
| 19:47 | Construir | House |
| 19:49 | Crear | Villager (Male) |
| 20:02 | Crear | Fishing Ship |
| 20:03 | Crear | Fishing Ship |
| 20:12 | Construir | Dock |
| 20:13 | Crear | Fishing Ship |
| 20:14 | Crear | Villager (Male) |
| 20:20 | Construir | Fish Trap |
| 20:29 | Construir | Fish Trap |
| 20:30 | Crear | Villager (Male) |
| 20:33 | Construir | House |
| 20:33 | Construir | House |
| 20:38 | Crear | Villager (Male) |
| 20:45 | Crear | Fishing Ship |
| 20:45 | Crear | Fishing Ship |
| 20:51 | Construir | Fish Trap |
| 20:53 | Crear | Villager (Male) |
| 20:54 | Crear | Fishing Ship |
| 20:54 | Crear | Fishing Ship |
| 20:59 | Construir | Monastery |
| 21:01 | Crear | Villager (Male) |
| 21:01 | Crear | Villager (Male) |
Build order — Benedict Cucumberpatch
Primeras 150 de 515 acciones detectadas
| 0:01 | Crear | Villager (Male) |
| 0:02 | Construir | House |
| 0:03 | Construir | House |
| 0:38 | Crear | Villager (Male) |
| 0:38 | Crear | Villager (Male) |
| 0:38 | Crear | Villager (Male) |
| 0:39 | Crear | Villager (Male) |
| 1:36 | Crear | Villager (Male) |
| 1:36 | Crear | Villager (Male) |
| 2:04 | Construir | Mule Cart |
| 2:23 | Crear | Villager (Male) |
| 2:23 | Crear | Villager (Male) |
| 2:28 | Crear | Villager (Male) |
| 2:28 | Crear | Villager (Male) |
| 3:01 | Crear | Villager (Male) |
| 3:01 | Crear | Villager (Male) |
| 3:31 | Crear | Villager (Male) |
| 3:31 | Crear | Villager (Male) |
| 3:43 | Investigar | Loom |
| 3:48 | Crear | Villager (Male) |
| 3:48 | Crear | Villager (Male) |
| 4:09 | Construir | House |
| 4:30 | Crear | Villager (Male) |
| 4:30 | Crear | Villager (Male) |
| 4:33 | Construir | House |
| 4:34 | Construir | House |
| 4:36 | Construir | Mill |
| 4:40 | Crear | Villager (Male) |
| 4:40 | Crear | Villager (Male) |
| 4:58 | Construir | Mule Cart |
| 5:02 | Crear | Villager (Male) |
| 5:02 | Crear | Villager (Male) |
| 5:33 | Crear | Villager (Male) |
| 5:58 | Crear | Villager (Male) |
| 6:03 | Crear | Villager (Male) |
| 6:49 | Crear | Villager (Male) |
| 7:07 | Construir | Barracks |
| 7:09 | Crear | Villager (Male) |
| 7:53 | Crear | Villager (Male) |
| 8:14 | Crear | Villager (Male) |
| 9:10 | Crear | Villager (Male) |
| 9:15 | Construir | Palisade Wall |
| 9:19 | Construir | Palisade Wall |
| 9:25 | Crear | Villager (Male) |
| 9:30 | Construir | Palisade Wall |
| 9:37 | Construir | Palisade Wall |
| 9:41 | Investigar | Feudal Age |
| 11:53 | Construir | House |
| 11:55 | Construir | House |
| 12:10 | Edad | Edad Feudal |
| 12:11 | Crear | Villager (Male) |
| 12:12 | Construir | Blacksmith |
| 12:14 | Construir | Market |
| 12:18 | Construir | Mule Cart |
| 12:33 | Crear | Villager (Male) |
| 13:03 | Investigar | Castle Age |
| 13:03 | Investigar | Castle Age |
| 13:08 | Investigar | Double-Bit Axe |
| 13:37 | Construir | Palisade Wall |
| 13:45 | Construir | Palisade Wall |
| 13:51 | Construir | Palisade Wall |
| 14:04 | Construir | House |
| 14:38 | Construir | House |
| 14:53 | Construir | Stone Wall |
| 14:55 | Construir | Building 673 |
| 15:03 | Construir | House |
| 15:11 | Investigar | Horse Collar |
| 15:34 | Crear | Villager (Male) |
| 15:43 | Edad | Edad de los Castillos |
| 15:44 | Crear | Villager (Male) |
| 15:45 | Construir | Siege Workshop |
| 15:47 | Crear | Spearman |
| 15:47 | Crear | Spearman |
| 15:48 | Crear | Villager (Male) |
| 15:59 | Crear | Villager (Male) |
| 16:08 | Investigar | Bow Saw |
| 16:11 | Investigar | Heavy Plow |
| 16:13 | Crear | Villager (Male) |
| 16:18 | Construir | Farm |
| 16:20 | Construir | Farm |
| 16:21 | Construir | Farm |
| 16:22 | Construir | Farm |
| 16:33 | Crear | Mangonel |
| 16:34 | Crear | Mangonel |
| 16:48 | Construir | Stone Wall |
| 16:50 | Construir | Building 673 |
| 16:53 | Construir | Building 673 |
| 17:11 | Crear | Villager (Male) |
| 17:12 | Construir | Farm |
| 17:13 | Construir | Farm |
| 17:27 | Construir | Farm |
| 17:36 | Construir | Farm |
| 17:39 | Crear | Villager (Male) |
| 17:42 | Construir | Town Center |
| 17:48 | Crear | Villager (Male) |
| 18:14 | Crear | Villager (Male) |
| 18:14 | Crear | Villager (Male) |
| 18:14 | Crear | Villager (Male) |
| 18:18 | Construir | Farm |
| 18:19 | Construir | Farm |
| 18:21 | Construir | Farm |
| 18:35 | Crear | Spearman |
| 18:35 | Crear | Spearman |
| 18:36 | Crear | Villager (Male) |
| 18:37 | Crear | Villager (Male) |
| 18:53 | Construir | Monastery |
| 19:01 | Construir | Stone Wall |
| 19:05 | Crear | Villager (Male) |
| 19:05 | Crear | Villager (Male) |
| 19:19 | Crear | Villager (Male) |
| 19:42 | Crear | Villager (Male) |
| 19:51 | Crear | Villager (Male) |
| 19:56 | Crear | Villager (Male) |
| 19:58 | Crear | Villager (Male) |
| 20:05 | Construir | Town Center |
| 20:06 | Crear | Villager (Male) |
| 20:20 | Crear | Villager (Male) |
| 20:23 | Crear | Monk |
| 20:25 | Crear | Villager (Male) |
| 20:31 | Crear | Villager (Male) |
| 20:37 | Crear | Villager (Male) |
| 20:39 | Construir | Farm |
| 20:39 | Construir | Farm |
| 20:40 | Construir | Farm |
| 20:49 | Investigar | Wheelbarrow |
| 20:50 | Investigar | Loom |
| 20:51 | Crear | Villager (Male) |
| 20:58 | Construir | Outpost |
| 21:09 | Crear | Villager (Male) |
| 21:09 | Crear | Villager (Male) |
| 21:09 | Crear | Villager (Male) |
| 21:19 | Construir | Outpost |
| 21:23 | Crear | Villager (Male) |
| 21:25 | Investigar | Town Watch |
| 21:28 | Construir | Barracks |
| 21:34 | Crear | Villager (Male) |
| 21:34 | Crear | Villager (Male) |
| 21:40 | Crear | Villager (Male) |
| 21:57 | Construir | Town Center |
| 22:10 | Crear | Villager (Male) |
| 22:11 | Crear | Villager (Male) |
| 22:37 | Construir | Farm |
| 22:38 | Construir | Farm |
| 22:39 | Construir | Farm |
| 22:41 | Construir | Farm |
| 22:42 | Construir | Farm |
| 23:11 | Crear | Villager (Male) |
| 23:12 | Crear | Mangonel |
| 23:14 | Crear | Villager (Male) |
| 23:14 | Crear | Villager (Male) |
Cronología de la partida
| 0:29 | Oni.JorDan_AoE · wall_segment Palisade Wall x5 |
| 0:51 | ceepki · wall_segment Palisade Wall x5 |
| 1:01 | Oni.JorDan_AoE · wall_segment Palisade Wall x1 |
| 1:03 | Oni.JorDan_AoE · wall_segment Palisade Wall x1 |
| 1:33 | NOC | Target331 · wall_segment Palisade Wall x4 |
| 1:36 | NOC | Target331 · wall_segment Palisade Wall x6 |
| 1:45 | Oni.JorDan_AoE · wall_segment Palisade Wall x1 |
| 1:56 | NOC | Target331 · wall_segment Palisade Wall x1 |
| 1:57 | Oni.JorDan_AoE · wall_segment Palisade Wall x1 |
| 1:58 | Oni.JorDan_AoE · wall_segment Palisade Wall x1 |
| 2:27 | ceepki · wall_segment Palisade Wall x5 |
| 3:11 | Oni.TheViper · wall_segment Palisade Wall x1 |
| 3:11 | Oni.TheViper · wall_segment Palisade Wall x1 |
| 3:12 | Oni.TheViper · wall_segment Palisade Wall x1 |
| 3:12 | Oni.TheViper · wall_segment Palisade Wall x1 |
| 3:13 | Oni.TheViper · wall_segment Palisade Wall x1 |
| 3:13 | Oni.TheViper · wall_segment Palisade Wall x1 |
| 3:21 | ceepki · wall_segment Palisade Wall x1 |
| 3:27 | ceepki · wall_segment Palisade Wall x1 |
| 3:35 | ceepki · wall_segment Palisade Wall x1 |
| 3:35 | ceepki · wall_segment Palisade Wall x1 |
| 3:40 | ceepki · wall_segment Palisade Wall x1 |
| 3:53 | ceepki · wall_segment Palisade Wall x1 |
| 4:00 | Oni.TheViper · wall_segment Palisade Wall x3 |
| 4:01 | Oni.TheViper · wall_segment Palisade Wall x1 |
| 4:01 | Oni.TheViper · wall_segment Palisade Wall x1 |
| 4:05 | RuFF Holland · first_building Dock |
| 4:16 | Oni.TheViper · wall_segment Palisade Wall x1 |
| 4:17 | Oni.TheViper · wall_segment Palisade Wall x1 |
| 4:23 | ceepki · wall_segment Palisade Wall x1 |
| 4:26 | ceepki · wall_segment Palisade Wall x1 |
| 4:28 | Oni.TheViper · wall_segment Palisade Wall x1 |
| 4:35 | Oni.TheViper · wall_segment Palisade Wall x1 |
| 4:36 | Oni.TheViper · wall_segment Palisade Wall x1 |
| 4:38 | Oni.TheViper · wall_segment Palisade Wall x1 |
| 4:41 | Oni.TheViper · wall_segment Palisade Wall x1 |
| 4:42 | Oni.TheViper · wall_segment Palisade Wall x2 |
| 4:50 | NoLo · first_building Dock |
| 4:50 | Oni.TheViper · wall_segment Palisade Wall x1 |
| 5:05 | Oni.TheViper · first_building Dock |
| 5:21 | NoLo · wall_segment Palisade Wall x5 |
| 5:22 | NoLo · wall_segment Palisade Wall x1 |
| 5:23 | NoLo · wall_segment Palisade Wall x1 |
| 5:23 | NoLo · wall_segment Palisade Wall x1 |
| 5:48 | NOC | Target331 · first_building Barracks |
| 5:48 | NoLo · wall_segment Palisade Wall x1 |
| 5:52 | NoLo · wall_segment Palisade Wall x1 |
| 5:55 | NoLo · wall_segment Palisade Wall x1 |
| 6:43 | Oni.TheViper · wall_segment Palisade Wall x1 |
| 6:44 | Oni.TheViper · wall_segment Palisade Wall x1 |
| 7:07 | Benedict Cucumberpatch · first_building Barracks |
| 7:16 | RuFF Holland · wall_segment Palisade Wall x1 |
| 7:28 | Oni.TheViper · wall_segment Palisade Wall x5 |
| 7:30 | Oni.TheViper · wall_segment Palisade Wall x6 |
| 7:46 | Oni.TheViper · wall_segment Palisade Wall x1 |
| 7:47 | Oni.TheViper · wall_segment Palisade Wall x1 |
| 7:47 | Oni.TheViper · wall_segment Palisade Wall x1 |
| 7:49 | ceepki · wall_segment Palisade Wall x1 |
| 7:50 | ceepki · wall_segment Palisade Wall x1 |
| 8:45 | Oni.TheViper · wall_segment Palisade Wall x4 |
| 8:47 | Oni.TheViper · wall_segment Palisade Wall x2 |
| 8:48 | Oni.TheViper · wall_segment Palisade Wall x5 |
| 8:57 | GGOut · wall_segment Palisade Wall x1 |
| 8:58 | GGOut · wall_segment Palisade Wall x1 |
| 9:09 | NoLo · wall_segment Palisade Wall x1 |
| 9:12 | Oni.JorDan_AoE · age_up feudal |
| 9:15 | Benedict Cucumberpatch · wall_segment Palisade Wall x1 |
| 9:18 | Oni.JorDan_AoE · first_building Dock |
| 9:19 | Benedict Cucumberpatch · wall_segment Palisade Wall x1 |
| 9:30 | Benedict Cucumberpatch · wall_segment Palisade Wall x1 |
| 9:31 | Oni.TheViper · wall_segment Palisade Wall x1 |
| 9:36 | NOC | Target331 · age_up feudal |
| 9:37 | Benedict Cucumberpatch · wall_segment Palisade Wall x1 |
| 10:33 | GGOut · age_up feudal |
| 11:06 | NoLo · age_up feudal |
| 11:54 | ceepki · age_up feudal |
| 12:10 | Benedict Cucumberpatch · age_up feudal |
| 12:11 | ceepki · wall_segment Stone Wall x5 |
| 12:14 | Oni.TheViper · wall_segment Palisade Wall x2 |
| 12:25 | Oni.TheViper · wall_segment Palisade Wall x1 |
| 12:30 | NoLo · wall_segment Palisade Wall x1 |
| 12:31 | NoLo · wall_segment Palisade Wall x1 |
| 12:31 | NoLo · wall_segment Palisade Wall x1 |
| 13:25 | Oni.TheViper · wall_segment Palisade Wall x2 |
| 13:37 | Benedict Cucumberpatch · wall_segment Palisade Wall x1 |
| 13:45 | Benedict Cucumberpatch · wall_segment Palisade Wall x1 |
| 13:51 | Benedict Cucumberpatch · wall_segment Palisade Wall x1 |
| 14:05 | GGOut · age_up castle |
| 14:09 | Oni.TheViper · age_up feudal |
| 14:11 | GGOut · first_building Siege Workshop |
| 14:16 | ceepki · wall_segment Stone Wall x2 |
| 14:21 | ceepki · wall_segment Stone Wall x2 |
| 14:53 | Benedict Cucumberpatch · wall_segment Stone Wall x5 |
| 15:02 | RuFF Holland · first_building Siege Workshop |
| 15:19 | ceepki · wall_segment Palisade Wall x1 |
| 15:19 | ceepki · wall_segment Palisade Wall x1 |
| 15:26 | NoLo · age_up castle |
| 15:30 | Oni.TheViper · wall_segment Palisade Wall x1 |
| 15:30 | RuFF Holland · first_market_buy 100 wood |
| 15:32 | ceepki · wall_segment Stone Wall x1 |
| 15:34 | ceepki · wall_segment Stone Wall x1 |
| 15:43 | Benedict Cucumberpatch · age_up castle |
| 15:45 | Benedict Cucumberpatch · first_building Siege Workshop |
| 15:52 | Oni.TheViper · wall_segment Palisade Wall x1 |
| 15:53 | Oni.TheViper · wall_segment Palisade Wall x1 |
| 15:54 | Oni.TheViper · wall_segment Palisade Wall x1 |
| 16:37 | ceepki · wall_segment Stone Wall x3 |
| 16:42 | ceepki · wall_segment Stone Wall x4 |
| 16:46 | ceepki · wall_segment Stone Wall x1 |
| 16:47 | ceepki · wall_segment Stone Wall x1 |
| 16:48 | Benedict Cucumberpatch · wall_segment Stone Wall x8 |
| 16:50 | ceepki · wall_segment Stone Wall x1 |
| 16:52 | ceepki · wall_segment Stone Wall x1 |
| 16:52 | NoLo · first_market_buy 100 wood |
| 16:55 | Oni.TheViper · wall_segment Palisade Wall x4 |
| 16:58 | Oni.TheViper · wall_segment Palisade Wall x3 |
| 17:01 | Oni.TheViper · wall_segment Palisade Wall x1 |
| 17:31 | Oni.TheViper · wall_segment Stone Wall x6 |
| 17:33 | Oni.TheViper · wall_segment Stone Wall x1 |
| 18:32 | ceepki · wall_segment Stone Wall x1 |
| 18:35 | Oni.JorDan_AoE · wall_segment Stone Wall x1 |
| 18:41 | Oni.JorDan_AoE · wall_segment Stone Wall x1 |
| 18:42 | Benedict Cucumberpatch · first_market_buy 100 wood |
| 18:53 | Benedict Cucumberpatch · first_building Monastery |
| 18:53 | Oni.TheViper · wall_segment Stone Wall x1 |
| 19:01 | Benedict Cucumberpatch · wall_segment Stone Wall x11 |
| 19:14 | NOC | Target331 · first_building Archery Range |
| 19:28 | NoLo · first_building Siege Workshop |
| 19:59 | ceepki · wall_segment Palisade Wall x1 |
| 20:01 | ceepki · wall_segment Palisade Wall x1 |
| 20:03 | ceepki · wall_segment Palisade Wall x1 |
| 20:04 | ceepki · wall_segment Palisade Wall x1 |
| 20:06 | ceepki · wall_segment Palisade Wall x1 |
| 20:08 | ceepki · wall_segment Palisade Wall x1 |
| 20:09 | ceepki · wall_segment Palisade Wall x1 |
| 20:10 | ceepki · wall_segment Palisade Wall x1 |
| 20:27 | ceepki · wall_segment Stone Wall x6 |
| 20:31 | Oni.JorDan_AoE · wall_segment Stone Wall x3 |
| 20:36 | Oni.JorDan_AoE · wall_segment Stone Wall x5 |
| 20:42 | ceepki · wall_segment Stone Wall x1 |
| 20:52 | ceepki · wall_segment Stone Wall x1 |
| 20:55 | Oni.JorDan_AoE · first_market_buy 100 food |
| 20:56 | Oni.JorDan_AoE · first_market_sell 100 stone |
| 20:59 | NoLo · first_building Monastery |
| 21:21 | Oni.TheViper · first_market_sell 100 food |
| 21:21 | Oni.TheViper · first_market_buy 100 wood |
| 22:48 | Oni.JorDan_AoE · first_building Barracks |
| 23:24 | RuFF Holland · first_building Monastery |
| 23:50 | NOC | Target331 · age_up castle |
| 23:58 | ceepki · first_market_sell 100 wood |
| 23:59 | ceepki · first_market_buy 100 food |
| 24:01 | Oni.TheViper · age_up castle |
| 24:03 | Oni.JorDan_AoE · first_building Archery Range |
| 24:10 | Oni.JorDan_AoE · age_up castle |
| 24:31 | Oni.TheViper · first_building Castle |
| 24:44 | NoLo · first_market_sell 100 wood |
| 24:53 | ceepki · wall_segment Stone Wall x1 |
| 25:39 | Oni.JorDan_AoE · first_building Siege Workshop |
| 26:00 | Benedict Cucumberpatch · first_market_sell 100 wood |
| 26:36 | ceepki · wall_segment Stone Wall x6 |
| 26:44 | ceepki · wall_segment Stone Wall x3 |
| 27:10 | ceepki · wall_segment Stone Wall x14 |
| 27:15 | RuFF Holland · first_building Barracks |
| 27:21 | NoLo · first_building Barracks |
| 27:24 | ceepki · age_up castle |
| 27:49 | NoLo · first_building Castle |
| 27:50 | RuFF Holland · first_building Stable |
| 27:59 | Oni.TheViper · first_building Barracks |
| 28:15 | NoLo · first_building Stable |
| 28:40 | GGOut · first_market_sell 100 food |
| 28:43 | Oni.TheViper · first_building Archery Range |
| 29:12 | Oni.TheViper · age_up imperial |
| 29:46 | ceepki · wall_segment Stone Wall x4 |
| 29:48 | GGOut · first_building Barracks |
| 29:53 | NoLo · age_up imperial |
| 29:58 | RuFF Holland · first_building Castle |
| 30:06 | Oni.JorDan_AoE · first_building Monastery |
| 30:09 | Benedict Cucumberpatch · age_up imperial |
| 30:21 | Oni.TheViper · first_building Siege Workshop |
| 30:41 | Benedict Cucumberpatch · first_building Castle |
| 30:48 | ceepki · first_building Barracks |
| 31:04 | Oni.JorDan_AoE · wall_segment Stone Wall x3 |
| 31:17 | GGOut · first_building Monastery |
| 31:42 | GGOut · first_market_buy 100 wood |
| 31:43 | ceepki · first_building Archery Range |
| 31:55 | GGOut · first_building Castle |
| 32:14 | Oni.JorDan_AoE · first_building Castle |
| 32:15 | GGOut · age_up imperial |
| 32:24 | Oni.JorDan_AoE · wall_segment Stone Wall x5 |
| 32:36 | Oni.JorDan_AoE · age_up imperial |
| 32:37 | Benedict Cucumberpatch · wall_segment Stone Wall x1 |
| 32:46 | RuFF Holland · first_market_sell 500 food |
| 32:55 | NOC | Target331 · first_building Monastery |
| 32:58 | NOC | Target331 · first_building Siege Workshop |
| 33:57 | ceepki · wall_segment Stone Wall x6 |
| 34:09 | NOC | Target331 · first_building Castle |
| 35:46 | NOC | Target331 · first_market_buy 100 wood |
| 36:28 | NOC | Target331 · age_up imperial |
| 36:48 | NoLo · first_building Archery Range |
| 36:57 | Oni.JorDan_AoE · wall_segment Stone Wall x5 |
| 37:07 | RuFF Holland · wall_segment Stone Wall x1 |
| 37:14 | NoLo · tribute_sent a jugador 1 |
| 37:14 | NoLo · tribute_sent a jugador 2 |
| 37:14 | NoLo · tribute_sent a jugador 3 |
| 37:14 | NoLo · tribute_sent a jugador 4 |
| 37:14 | NoLo · tribute_sent a jugador 5 |
| 37:14 | NoLo · tribute_sent a jugador 6 |
| 37:14 | NoLo · tribute_sent a jugador 8 |
| 37:46 | RuFF Holland · tribute_sent a jugador 1 |
| 37:46 | RuFF Holland · tribute_sent a jugador 3 |
| 37:46 | RuFF Holland · tribute_sent a jugador 4 |
| 37:46 | RuFF Holland · tribute_sent a jugador 5 |
| 37:46 | RuFF Holland · tribute_sent a jugador 6 |
| 37:46 | RuFF Holland · tribute_sent a jugador 7 |
| 37:46 | RuFF Holland · tribute_sent a jugador 8 |
| 37:53 | RuFF Holland · tribute_sent a jugador 1 |
| 37:53 | RuFF Holland · tribute_sent a jugador 3 |
| 37:53 | RuFF Holland · tribute_sent a jugador 4 |
| 37:53 | RuFF Holland · tribute_sent a jugador 5 |
| 37:53 | RuFF Holland · tribute_sent a jugador 6 |
| 37:53 | RuFF Holland · tribute_sent a jugador 7 |
| 37:53 | RuFF Holland · tribute_sent a jugador 8 |
| 39:01 | RuFF Holland · tribute_sent a jugador 1 |
| 39:01 | RuFF Holland · tribute_sent a jugador 3 |
| 39:01 | RuFF Holland · tribute_sent a jugador 4 |
| 39:01 | RuFF Holland · tribute_sent a jugador 5 |
| 39:01 | RuFF Holland · tribute_sent a jugador 6 |
| 39:01 | RuFF Holland · tribute_sent a jugador 7 |
| 39:01 | RuFF Holland · tribute_sent a jugador 8 |
| 40:46 | ceepki · wall_segment Stone Wall x8 |
| 41:13 | RuFF Holland · tribute_sent a jugador 1 |
| 41:13 | RuFF Holland · tribute_sent a jugador 3 |
| 41:13 | RuFF Holland · tribute_sent a jugador 4 |
| 41:13 | RuFF Holland · tribute_sent a jugador 5 |
| 41:13 | RuFF Holland · tribute_sent a jugador 6 |
| 41:13 | RuFF Holland · tribute_sent a jugador 7 |
| 41:13 | RuFF Holland · tribute_sent a jugador 8 |
| 41:19 | NOC | Target331 · first_market_sell 500 stone |
| 41:24 | ceepki · wall_segment Stone Wall x1 |
| 41:33 | NoLo · tribute_sent a jugador 1 |
| 41:33 | NoLo · tribute_sent a jugador 2 |
| 41:33 | NoLo · tribute_sent a jugador 3 |
| 41:33 | NoLo · tribute_sent a jugador 4 |
| 41:33 | NoLo · tribute_sent a jugador 5 |
| 41:33 | NoLo · tribute_sent a jugador 6 |
| 41:33 | NoLo · tribute_sent a jugador 8 |
| 42:09 | Benedict Cucumberpatch · wall_segment Stone Wall x14 |
| 42:37 | NOC | Target331 · resign |
[ ANÁLISIS IA · 1 CRÉDITO ]
¿Qué pasó realmente en esta partida?
Wolo.gg analiza cada decisión: build order, eco, micro, errores típicos por bracket. Análisis personalizado por WhatsApp o Discord en 30 segundos.
Guía civ
Birmanos
Guía mapa
AW4 Rage Forest (Custom)
Perfil
Jugador #267402